 Dungeon Crawl Stone Soup version 0.30-a0-354-g6b83867211 (webtiles) character file.

Game seed: 14286328847692573675

546 derrydude the Trooper (level 7, 0/54 (59) HPs)
             Began as a Demonspawn Cinder Acolyte on Nov 7, 2022.
             Was a High Priest of Ignis.
             Slain by a wight
             ... wielding a +0 war axe
              (2 damage)
             ... on level 6 of the Dungeon.
             The game lasted 00:10:05 (4318 turns).

derrydude the Trooper (Demonspawn Cinder Acolyte)   Turns: 4318, Time: 00:10:06

HP:   0/54 (59)     AC: 10    Str: 14    XL:     7   Next: 6%
MP:   8/10          EV: 11    Int: 17    God:    Ignis [*****.]
Gold: 322           SH:  0    Dex:  9    Spells: 8/10 levels left

rFire   + . .      SeeInvis .    p - +8 spear "Xuxtuin" {drain, rC+}
rCold   + . .      Faith    .    (no shield)
rNeg    . . .      Spirit   .    r - +0 leather armour
rPois   .          Reflect  .    g - +0 helmet
rElec   .          Harm     .    q - +0 cloak
rCorr   .          Rampage  .    (no gloves)
Will    .....                    (no boots)
Stlth   +.........               t - amulet of the acrobat
HPRegen 0.29/turn                s - +4 ring of protection
MPRegen 0.12/turn                y - ring of flight

@: flying, drained
A: rugged brown scales 1, spiny 2
a: Renounce Religion, Fiery Armour, Foxfire Swarm, Rising Flame


You were on level 6 of the Dungeon.
You worshipped Ignis.
Ignis was extremely pleased with you.
You visited 1 branch of the dungeon, and saw 6 of its levels.

You collected 322 gold pieces.

Inventory:

Hand Weapons
 b - the +4 dagger "Morg" {pain, Will+ Int+5}
   (You found it on level 4 of the Dungeon)

   In the hands of one skilled in necromantic magic, it inflicts extra damage on
   living creatures.
   Int:       It affects your intelligence (+5).
   Will:      It increases your willpower.
 p - the +8 spear "Xuxtuin" (weapon) {drain, rC+}
   (You found it on level 3 of the Dungeon)

   A truly terrible weapon, it drains the life of any living foe it strikes.
   rC:        It protects you from cold.
Missiles
 e - 7 poisoned darts (quivered)
 h - 70 stones
Armour
 g - a +0 helmet (worn)
 q - a +0 cloak (worn)
 r - a +0 leather armour (worn)
Jewellery
 s - a +4 ring of protection (left hand)
 t - an amulet of the acrobat (around neck)
 w - an amulet of magic regeneration
 y - a ring of flight (right hand)
Wands
 x - a wand of digging (4)
Scrolls
 d - 3 scrolls of teleportation
 A - a scroll of enchant weapon
Potions
 a - a potion of cancellation {unknown}
 c - 3 potions of invisibility
 f - a potion of brilliance
 i - a potion of attraction
 j - 4 potions of curing
 k - a potion of heal wounds
 l - a potion of magic {unknown}
 m - 2 potions of might
 n - a potion of lignification {unknown}
 o - a potion of flight {unknown}
 u - a potion of degeneration {unknown}
 v - 2 potions of haste
 z - 2 potions of mutation {unknown}


   Skills:
 - Level 6.0 Fighting
 - Level 2.6(3.4) Axes
 * Level 3.2(3.7) Polearms
 - Level 2.0 Spellcasting
 - Level 4.0 Fire Magic


You had 8 spell levels left.
You knew the following spells:

 Your Spells              Type           Power      Damage    Failure   Level
a - Scorch                Fire           30%        2d7       7%          2

Your spell library contained the following spells:

 Spells                   Type           Power      Damage    Failure   Level
 Ignite Poison            Fire/Tmut/Pois 6%         N/A       41%         3
 Kindle Blastsparks       Fire/Tloc/Air  12%        2d11      41%         3
 Freezing Cloud           Conj/Ice/Air   0%         6-21      100%        5


Dungeon Overview and Level Annotations

Branches:
Dungeon (6/15)
 Temple: D:4-7

Altars:
Fedhas
Hepliaklqana
Okawaru
Qazlal
Sif Muna
Vehumet


Innate Abilities, Weirdness & Mutations

You are partially covered in rugged brown scales. (AC +1, +3% HP)
You are mostly covered in sharp spines.


Message History

The wight is heavily damaged.
The wight barely misses you. The wight hits you with a +4 mace!
A wight comes into view. It is wielding a +3 spear.
You hit the wight but do no damage.
The wight is heavily damaged.
The wight hits you with a +4 mace.
You feel drained. The wight hits you but does no damage.
The wight barely misses you.
You hit the wight but do no damage.
The wight is heavily damaged.
The wight hits you but does no damage. The wight is struck by your spines.
The wight completely misses you. The wight barely misses you.
You hit the wight but do no damage.
The wight is severely damaged.
The wight hits you with a +4 mace.
A steam dragon comes into view.
The wight is struck by your spines. The wight barely misses you.
The wight closely misses you.
You hit the wight.
The wight is almost destroyed.
The wight hits you from afar with a +2 trident!
The wight barely misses you.
An orc wizard comes into view. It is wielding a +0 dagger.
The orc wizard shouts!
You hit the wight.
You destroy the wight!
An orc comes into view. It is wielding a +0 club.
The wight barely misses you. x2; The wight hits you with a +0 war axe.
You feel drained.
The orc wizard drinks a potion.
The orc wizard seems to speed up.
Your Polearms skill increases to level 3!
You have reached level 7!
The wight is struck by your spines. The wight hits you with a +0 war axe.
There is a stone staircase leading up, spattered with blood here.
The wight barely misses you.
The wight hits you from afar with a +2 trident!
* * * LOW HITPOINT WARNING * * *
The wight hits you with a +0 war axe.
* * * LOW HITPOINT WARNING * * *
You feel drained.
You die...

..#..........~P
.....o.......~~
......o......P
............~
#...D......~
#.........≈
#..zz....$~
#.zz).....~
##.@....^..
#.....#.~~
#...##..~#
#.... ..#
#..... .#
####... # ....
....#


You could see a steam dragon, 4 wights, an orc wizard (fast) and an orc.

Vanquished Creatures
  An ogre (D:5)
  A wight (D:6)
  A quasit (D:4)
  3 jellies (D:5)
  7 gnolls
  6 adders
  3 shadow imps (D:4)
  4 white imps (D:4)
  6 ufetubi
  2 worms
  2 dart slugs
  2 orcs
  4 bats
  4 endoplasms
  2 giant cockroaches
  9 hobgoblins
  4 jackals (D:4)
  4 kobolds
  4 quokkas (D:1)
  6 ball pythons
  A frilled lizard (D:1)
  5 goblins
  3 rats
84 creatures vanquished.

Notes
Turn   | Place    | Note
-------+----------+-------------------------------------------
     0 | D:1      | derrydude the Demonspawn Cinder Acolyte began the quest for
                  | the Orb.
     0 | D:1      | Reached XP level 1. HP: 18/18 MP: 2/2
   172 | D:1      | Gained mutation: You are partially covered in rugged brown
                  | scales. (AC +1, +3% HP) [demonic ancestry]
   172 | D:1      | Reached XP level 2. HP: 16/24 MP: 3/3
   175 | D:1      | Learned a level 2 spell: Scorch
  1070 | D:2      | Gained mutation: You are partially covered in sharp spines.
                  | [demonic ancestry]
  1070 | D:2      | Reached XP level 3. HP: 29/29 MP: 4/4
  1849 | D:3      | Identified the +8 spear "Xuxtuin" {drain, rC+}
  2195 | D:3      | Reached skill level 4 in Fighting
  2195 | D:3      | Reached XP level 4. HP: 38/38 MP: 6/6
  2583 | D:4      | Found a stormy altar of Qazlal.
  2597 | D:4      | Identified the +5 short sword "Zivvufis" {flame, Fly}
  2633 | D:4      | Found the +4 dagger "Morg" {pain, Will+ Int+5}
  2803 | D:4      | Reached XP level 5. HP: 44/44 MP: 2/8
  3070 | D:4      | Reached skill level 5 in Fighting
  3325 | D:4      | Found a blossoming altar of Fedhas.
  3325 | D:4      | Found a radiant altar of Vehumet.
  3330 | D:4      | Found a shimmering blue altar of Sif Muna.
  3420 | D:5      | Entered Level 5 of the Dungeon
  3441 | D:5      | Found a hazy altar of Hepliaklqana.
  3441 | D:5      | Noticed an ogre
  3445 | D:5      | Gained mutation: You are mostly covered in sharp spines.
                  | [demonic ancestry]
  3445 | D:5      | Reached XP level 6. HP: 52/52 MP: 9/9
  3449 | D:5      | Reached skill level 6 in Fighting
  3597 | D:5      | Reached skill level 1 in Polearms
  3701 | D:5      | Found an iron altar of Okawaru.
  4314 | D:6      | Noticed a steam dragon
  4317 | D:6      | Reached XP level 7. HP: 25/56 MP: 8/10
  4318 | D:6      | HP: 2/56 [wight/+0 war axe (6)]
  4318 | D:6      | Slain by a wight

Illustrated notes

Levels and vault maps discovered:
D:1:      ncdulo_smallfort, layout_rooms, kennysheep_boxes
D:2:      layout_basic
D:3:      layout_loops_corners
D:4:      layout_loops_ring, nicolae_qazlal_general_emergency, minitemple,
          serial_demonic, serial_demonic_f, serial_demonic_e, serial_demonic_c,
          serial_demonic_f, serial_demonic_d
D:5:      layout_gridville, mainiacjoe_overflow_small_starburst,
          mainiacjoe_overflow_chevrons
D:6:      layout_cave_pools, mainiacjoe_overflow_six_doors_small,
          cheibrodos_worm_habitat, nicolae_ru_path_of_blood,
          minmay_temple_entry_offerings, serial_column_ruins,
          column_ruins_grid_3, column_ruins_grid_1, column_ruins_grid_3,
          column_ruins_columns_dead_end, column_ruins_grid_1,
          column_ruins_open_tiny, chequers_big_river

Skill      XL: |  1  2  3  4  5  6 |
---------------+-------------------+-----
Fire Magic     | 3 4 |  4.0
Fighting       | 4 5 6 |  6.0
Spellcasting   | 2 |  2.0
Polearms       | 3 |  3.2
Axes           | |  2.6

Action                   |  1- 3 |  4- 6 |  7- 9 || total
-------------------------+-------+-------+-------++-------
Melee: Hand axe          |    84 |       |       ||    84
       Punch             |     1 |       |       ||     1
       Spear             |     8 |   114 |       ||   122
 Cast: Scorch            |    10 |     8 |       ||    18
  Use: Scroll            |     5 |     8 |       ||    13
 Stab: Sleeping          |     1 |       |       ||     1
Armor: Robe              |    15 |       |       ||    15
       Leather armour    |     1 |    44 |       ||    45
Dodge: Dodged            |    50 |    53 |     1 ||   104

Table legend: (Time is in decaauts)
 A = Elapsed time spent in this place.
 B = Non-inter-level travel time spent in this place.
 C = Inter-level travel time spent in this place.
 D = Time resting spent in this place.
 E = Time spent auto-exploring this place.
 F = Levels seen in this place.
 G = Mean time per level.
                   A        B        C        D        E       F      G
               +--------+--------+--------+--------+--------+-----+--------+
         Total |   4335 |   4098 |    237 |    129 |   3303 |   6 |  722.5 |
       Dungeon |   4335 |   4098 |    237 |    129 |   3303 |   6 |  722.5 |
               +--------+--------+--------+--------+--------+-----+--------+

Top non-repeatable levels by time:
     D:1: 1024 daAuts
     D:5: 882 daAuts
     D:4: 842 daAuts
     D:2: 813 daAuts
     D:3: 759 daAuts
     D:6: 14 daAuts
